 Dungeon Crawl Stone Soup version 0.31-a0-165-g3f4f80340b (webtiles) character file.

Game seed: 5082243877579394460

222 qw the Chopper (level 5, -3/33 HPs)
             Began as a Gargoyle Fighter on June 13, 2023.
             Slain by a gnoll bouda
             ... wielding a +0 club
              (9 damage)
             ... on level 4 of the Dungeon.
             The game lasted 00:01:33 (2839 turns).

qw the Chopper (Gargoyle Fighter)                   Turns: 2839, Time: 00:01:34

Health: -3/33      AC: 17    Str: 21    XL:     5   Next: 99%
Magic:  5/5        EV:  9    Int:  9    God:
Gold:   173        SH:  5    Dex: 15    Spells: 4/4 levels left

rFire   + . .        Y - +2 war axe (flame)
rCold   + . .        c - +0 buckler
rNeg    + . .        b - +0 scale mail
rPois   inf          m - +0 helmet
rElec   +            (no cloak)
rCorr   +            l - +2 pair of gloves
SInv    +            j - +1 pair of boots
Will    .....        (no amulet) Stlth
                     k - ring "Uluiruek" {rF+ rC+ rCorr Slay-3 SInv}
HPRegen 0.25/turn    q - +6 ring of dexterity
MPRegen 0.09/turn

%: no passive effects
@: weakened
A: sickness immunity, AC +4, negative energy resistance 1, electricity
resistance, torment resistance 1, petrification resistance
a: no special abilities


You were on level 4 of the Dungeon.
You visited 1 branch of the dungeon, and saw 4 of its levels.

You collected 173 gold pieces.


Innate Abilities, Weirdness & Mutations

You are immune to sickness and miasma.
Your stone body is resilient. (AC +4)
You are immune to poison.
You resist negative energy. (rN+)
You are resistant to electric shocks. (rElec)
You are resistant to unholy torment.
You are immune to petrification.


   Skills:
 - Level 3.7 Fighting
 - Level 5.1 Axes
 - Level 3.2 Armour
 + Level 0.8 Dodging
 - Level 3.2 Shields


You had 4 spell levels left.
You didn't know any spells.
Your spell library was empty.

Inventory:

Hand Weapons
 Y - a +2 war axe of flaming (weapon)
Armour
 b - a +0 scale mail (worn)
 c - a +0 buckler (worn)
 j - a +1 pair of boots (worn)
 l - a +2 pair of gloves (worn)
 m - a +0 helmet (worn)
Jewellery
 k - the ring "Uluiruek" (left hand) {rF+ rC+ rCorr Slay-3 SInv}
   (You acquired it on level 3 of the Dungeon)

   [ring of protection from fire]

   Slay:      It affects your accuracy & damage with ranged weapons and melee
   (-3).
   rF:        It protects you from fire.
   rC:        It protects you from cold.
   SInv:      It lets you see invisible.
   rCorr:     It protects you from acid and corrosion.
 q - a +6 ring of dexterity (right hand)
Scrolls
 h - a scroll of identify
Potions
 a - a potion of magic
 d - a potion of might
 e - a potion of curing
 f - a potion of lignification
 i - a potion of cancellation {unknown}
 o - a potion of haste {unknown}

Dungeon Overview and Level Annotations

Branches:
Dungeon (4/15)
 Temple: D:4-7

Altars:


Message History

The gnoll bouda gazes fiercely through you!
You feel as though you will be weak longer.
You block the gnoll bouda's attack.
You hit the gnoll. You burn the gnoll.
You kill the gnoll!
You hit the gnoll bouda but do no damage.
You block the gnoll bouda's attack.
You hit the gnoll bouda but do no damage.
The gnoll bouda barely misses you.
You hit the gnoll bouda. You burn the gnoll bouda.
The gnoll bouda is moderately wounded.
The gnoll bouda barely misses you.
You slash the gnoll bouda! You burn the gnoll bouda.
The gnoll bouda is almost dead.
You block the gnoll bouda's attack. The gnoll bouda closely misses you.
You hit the gnoll bouda. You burn the gnoll bouda.
The gnoll bouda is almost dead.
The gnoll bouda mumbles some strange prayers to its god.
The gnoll bouda is healed somewhat.
You barely miss the gnoll bouda.
The gnoll bouda is severely wounded.
You block the gnoll bouda's attack.
You hit the gnoll bouda but do no damage.
The gnoll bouda is severely wounded.
You block the gnoll bouda's attack. The gnoll bouda barely misses you.
You closely miss the gnoll bouda.
The gnoll bouda is severely wounded.
The gnoll bouda closely misses you.
You hit the gnoll bouda but do no damage.
The gnoll bouda is severely wounded.
The gnoll bouda closely misses you.
You closely miss the gnoll bouda.
The gnoll bouda is severely wounded.
The gnoll bouda gazes fiercely through you!
You feel as though you will be weak longer.
The gnoll bouda hits you with a +0 club. x2
You hit the gnoll bouda but do no damage.
The gnoll bouda is severely wounded.
The gnoll bouda hits you with a +0 club!
You die...

###.#### ##...####.#
.......#########..####...#
..#.##......##...## ##.###
..#..##.........## #..#
..##.>..........#####.##
..#####............##.#
..#####..........#.##.#
.................#....###
..#####.........@##.....#
..# #>...S....)g##.....#
..# #.#.####....##.....#
..####.#)# ##..........#
#..##..#.# #..........#
##.##.#..# ##.##.g#####
##......## #.......#####
%.%....###########........#
###..............#.##.....#


You could see a gnoll bouda (ally target) and a friendly ball python (summoned).

Vanquished Creatures
  A hound (D:4)
  An orc wizard (D:3)
  4 gnolls (D:4)
  5 adders
  An ufetubus (D:4)
  3 worms
  2 dart slugs
  2 orcs (D:3)
  8 endoplasms
  2 giant cockroaches
  5 goblins
  2 hobgoblins
  6 jackals
  4 quokkas
  5 ball pythons
  2 bats
  2 frilled lizards
  2 kobolds (D:2)
  9 rats
66 creatures vanquished.

Notes
Turn   | Place    | Note
-------+----------+-------------------------------------------
     0 | D:1      | qw the Gargoyle Fighter began the quest for the Orb.
     0 | D:1      | Reached XP level 1. HP: 14/14 MP: 1/1
     0 | D:1      | 0 ||| qw: Version: 0.2-a-29-gc1b59c4
     0 | D:1      | 0 ||| qw: Game counter: 4747
     0 | D:1      | 0 ||| qw: Always use a shield: true
     0 | D:1      | 0 ||| qw: God list: Okawaru
     0 | D:1      | 0 ||| qw: Allow faded altars: false
     0 | D:1      | 0 ||| qw: Do Orc after D:15 true
     0 | D:1      | 0 ||| qw: Do second Lair branch before Depths: true
     0 | D:1      | 0 ||| qw: Lair rune preference: random
     0 | D:1      | 0 ||| qw: Plans: Normal, Zot:1-4, Slime:5, God:TSO, Crypt,
                  | Tomb, Abyss, Pan, Hells, Win
     0 | D:1      | 0 ||| PLANNING D:1-11
    67 | D:1      | Reached skill level 2 in Axes
   233 | D:1      | Reached XP level 2. HP: 19/19 MP: 2/2
   745 | D:1      | Reached skill level 3 in Axes
   761 | D:1      | 761 ||| READING scroll labelled EKLAIL CIUMU.
   762 | D:1      | 762 ||| READING scroll labelled KIRUSMUDAL.
   763 | D:1      | 763 ||| READING scroll labelled WAN OXURPHO.
   821 | D:2      | Reached XP level 3. HP: 23/23 MP: 3/3
   892 | D:2      | 892 ||| READING scroll labelled LEDDE QAC GYKKAM.
  1401 | D:2      | Reached XP level 4. HP: 26/28 MP: 4/4
  1417 | D:2      | Reached skill level 4 in Axes
  1476 | D:2      | 1476 ||| UPGRADING to +1 pair of boots.
  1481 | D:2      | 1481 ||| UPGRADING to +0 pair of gloves.
  1486 | D:2      | 1486 ||| READING scroll labelled ICVI MIOG PUTT.
  1487 | D:2      | 1487 ||| READING 4 scrolls of identify.
  1487 | D:2      | 1487 ||| IDENTIFYING fuming ruby potion
  1488 | D:2      | 1488 ||| READING 3 scrolls of identify.
  1488 | D:2      | 1488 ||| IDENTIFYING sapphire potion
  1489 | D:2      | 1489 ||| READING 2 scrolls of identify.
  1489 | D:2      | 1489 ||| IDENTIFYING murky blue potion
  1579 | D:3      | 1579 ||| READING scroll of enchant armour.
  1579 | D:3      | 1579 ||| ENCHANTING +0 pair of gloves.
  1592 | D:3      | 1592 ||| Stepping ~*~*~tactically~*~*~ (stealth).
  1593 | D:3      | 1593 ||| Stepping ~*~*~tactically~*~*~ (stealth).
  1594 | D:3      | 1594 ||| Stepping ~*~*~tactically~*~*~ (stealth).
  1772 | D:3      | Reached XP level 5. HP: 32/32 MP: 5/5
  2096 | D:3      | 2096 ||| DROPPING +0 club.
  2097 | D:3      | 2097 ||| READING scroll of enchant armour.
  2097 | D:3      | 2097 ||| ENCHANTING +1 pair of gloves.
  2199 | D:3      | 2199 ||| READING 2 scrolls labelled VAZXOTH UTREIN.
  2199 | D:3      | Identified 2 scrolls of acquirement
  2199 | D:3      | 2199 ||| ACQUIRING ring "Uluiruek" {rF+ rC+ rCorr Slay-3
                  | SInv}
  2199 | D:3      | Acquired the ring "Uluiruek" {rF+ rC+ rCorr Slay-3 SInv}
  2201 | D:3      | 2201 ||| UPGRADING to ring "Uluiruek" {rF+ rC+ rCorr Slay-3
                  | SInv}.
  2202 | D:3      | 2202 ||| READING scroll of acquirement.
  2202 | D:3      | 2202 ||| ACQUIRING +2 war axe of flaming
  2202 | D:3      | Acquired a +2 war axe of flaming
  2204 | D:3      | 2204 ||| SWAPPING to +2 war axe of flaming.
  2205 | D:3      | 2205 ||| DROPPING +0 mace.
  2206 | D:3      | 2206 ||| DROPPING +1 war axe.
  2207 | D:3      | 2207 ||| READING scroll labelled RAYBUV WARA.
  2228 | D:3      | 2228 ||| READING 2 scrolls of identify.
  2228 | D:3      | 2228 ||| IDENTIFYING red potion
  2229 | D:3      | 2229 ||| DROPPING potion of enlightenment.
  2420 | D:4      | Identified the +1 leather armour of Weirdness {Rampage rC-
                  | Str+3 Int+4}
  2474 | D:4      | 2474 ||| Stepping ~*~*~tactically~*~*~ (stealth).
  2475 | D:4      | 2475 ||| Stepping ~*~*~tactically~*~*~ (stealth).
  2487 | D:4      | Reached skill level 5 in Axes
  2502 | D:4      | 2502 ||| Stepping ~*~*~tactically~*~*~ (stealth).
  2653 | D:4      | 2653 ||| Stepping ~*~*~tactically~*~*~ (stealth).
  2748 | D:4      | 2748 ||| Stepping ~*~*~tactically~*~*~ (hiding).
  2749 | D:4      | 2749 ||| Stepping ~*~*~tactically~*~*~ (hiding).
  2758 | D:4      | 2758 ||| Stepping ~*~*~tactically~*~*~ (stealth).
  2804 | D:4      | 2804 ||| UPGRADING to +0 helmet.
  2809 | D:4      | 2809 ||| DROPPING +1 leather armour of Weirdness {Rampage
                  | rC- Str+3 Int+4}.
  2810 | D:4      | 2810 ||| UPGRADING to +6 ring of dexterity.
  2811 | D:4      | 2811 ||| READING scroll labelled FEUMUFI FABY.
  2812 | D:4      | 2812 ||| READING scroll labelled CEUGIGROMIL.
  2815 | D:4      | 2815 ||| Stepping ~*~*~tactically~*~*~ (hiding).
  2816 | D:4      | 2816 ||| Stepping ~*~*~tactically~*~*~ (hiding).
  2838 | D:4      | HP: 6/33 [gnoll bouda/+0 club (5)]
  2839 | D:4      | Slain by a gnoll bouda

Levels and vault maps discovered:
D:1:      dpeg_arrival_tiny_j, layout_loops_ring
D:2:      layout_basic, serial_glass, glass_columns_c, glass_columns_b,
          glass_columns_c, glass_columns_a, kennysheep_generic_room_3
D:3:      layout_loops_ring
D:4:      layout_rooms

Skill      XL: |  1  2  3  4  5 |
---------------+----------------+-----
Axes           | 2 3 4 5 |  5.1
Fighting       | |  3.7
Armour         | |  3.2
Dodging        | |  0.8
Shields        | |  3.2

Action                     |  1- 3 |  4- 6 || total
---------------------------+-------+-------++-------
  Melee: War axe           |    94 |   128 ||   222
    Use: Scroll            |     4 |    12 ||    16
 Armour: Scale mail        |    47 |    69 ||   116
  Dodge: Dodged            |    34 |    64 ||    98
  Block: Buckler           |    13 |    24 ||    37

Table legend:
 A = Non-vault XP
 B = Vault XP
 C = Vault XP percentage of total XP
 D = Non-vault monster count
 E = Vault monster count
 F = Vault count percentage of total count
                 A         B        C        D         E       F
            +---------+---------+-------+---------+---------+-------
      Total |     316 |       2 |   0.6 |      65 |       1 |   1.5
            +---------+---------+-------+---------+---------+-------
        D:1 |      31 |       0 |   0.0 |      18 |       0 |   0.0
        D:2 |      67 |       2 |   2.9 |      17 |       1 |   5.6
        D:3 |      76 |       0 |   0.0 |      14 |       0 |   0.0
        D:4 |     142 |       0 |   0.0 |      16 |       0 |   0.0
            +---------+---------+-------+---------+---------+-------
